 Dungeon Crawl Stone Soup version 0.28.0-43-g3370ac3207 (webtiles) character file.

Game seed: 10319014565052080680

1316 pkoi the Frost Mage (level 8, 0/41 HPs)
             Began as a Deep Elf Ice Elementalist on Mar 7, 2022.
             Slain by a phantom (4 damage)
             ... on level 4 of the Dungeon.
             The game lasted 00:08:56 (7498 turns).

pkoi the Frost Mage (Deep Elf Ice Elementalist)     Turns: 7498, Time: 00:08:57

Health: 0/41       AC:  2    Str:  5    XL:     8   Next: 33%
Magic:  14/18      EV: 12    Int: 23    God:
Gold:   265        SH:  0    Dex: 15    Spells: 10/18 levels left

rFire   + . .      SeeInvis .   f - +1 short sword (speed)
rCold   . . .      Faith    .   (no shield)
rNeg    . . .      Spirit   .   a - +0 robe
rPois   .          Reflect  .   (no helmet)
rElec   .          Harm     .   (no cloak)
rCorr   .          Rampage  .   (no gloves)
Will    .....                   (no boots)
Stlth   ++........              (no amulet)
HPRegen 0.13/turn               q - ring of protection from fire
MPRegen 0.16/turn               (no ring)

@: about to teleport
A: no striking features
a: no special abilities


You were on level 4 of the Dungeon.
You visited 1 branch of the dungeon, and saw 5 of its levels.

You collected 265 gold pieces.

Inventory:

Hand Weapons
 b - a +0 dagger
 f - a +1 short sword of speed (weapon)
 n - a +1 vampiric short sword
Missiles
 l - 2 throwing nets
Armour
 a - a +0 robe (worn)
Magical Staves
 e - a staff of poison
Jewellery
 q - a ring of protection from fire (left hand)
Wands
 i - a wand of flame (7)
Scrolls
 c - 2 scrolls of teleportation
 d - a scroll of immolation
 h - 3 scrolls of identify
 j - 2 scrolls of enchant weapon
Potions
 g - a potion of might
 k - a potion of mutation {unknown}
 m - a potion of curing
 o - 2 potions of resistance {unknown}


   Skills:
 - Level 2.4 Dodging
 - Level 2.4 Stealth
 + Level 5.5 Spellcasting
 * Level 5.3 Conjurations
 * Level 9.9 Ice Magic


You had 10 spell levels left.
You knew the following spells:

 Your Spells              Type           Power      Damage    Failure   Level
a - Freeze                Ice            100%       1d11      1%          1
b - Frozen Ramparts       Ice            100%       1d12      1%          3
c - Hailstorm             Conj/Ice       41%        3d10      3%          4

Your spell library contained the following spells:

 Spells                   Type           Power      Damage    Failure   Level
 Ozocubu's Armour         Ice            51%        N/A       1%          3
 Animate Skeleton         Necr           12%        N/A       9%          1
 Pain                     Necr           24%        1d5       9%          1
 Summon Small Mammal      Summ           24%        N/A       9%          1
 Sublimation of Blood     Necr           6%         N/A       14%         2
 Call Canine Familiar     Summ           6%         N/A       26%         3
 Summon Guardian Golem    Hex/Summ       6%         N/A       26%         3
 Vampiric Draining        Necr           6%         2d6       26%         3
 Irradiate                Conj/Tmut      9%         3d16      63%         5
 Petrify                  Tmut/Erth      6%         N/A       65%         4


Dungeon Overview and Level Annotations

Branches:
Dungeon (5/15)
 Temple: D:4-7

Altars:

Annotations:
D:4 4 runed translucent doors


Message History

You hit the phantom but do no damage.
The phantom is heavily damaged.
The phantom resists.
The wall freezes the phantom.
The phantom closely misses you.
You closely miss the phantom.
The phantom is heavily damaged.
You hit the phantom but do no damage.
The phantom is heavily damaged.
The phantom resists.
The wall freezes the phantom.
The phantom hits you.
* * * LOW HITPOINT WARNING * * *
The phantom blinks!
You blink.
The frozen ramparts melt away as you move.
The phantom hits you but does no damage.
Casting: Frozen Ramparts (safe; 1% risk of failure)
Confirm with . or Enter, or press ? or * to list all spells.
Casting: Frozen Ramparts (safe; 1% risk of failure)
Press: ? - help, Dir - look around, f - activate The walls around you are covered in ice.
The phantom completely resists.
The wall freezes the phantom but does no damage.
The phantom barely misses you.
You hit the phantom but do no damage.
The phantom is heavily damaged.
The phantom resists.
The wall freezes the phantom.
The phantom hits you!
* * * LOW HITPOINT WARNING * * *
Unknown command.
Aiming: Throw Flame
Press: ? - help, Shift-Dir - straight line, f - phantom
Aim: a phantom (heavily damaged, 56% to hit)
The puff of flame hits the phantom.
The phantom is severely damaged.
The phantom completely resists.
The wall freezes the phantom but does no damage.
The phantom hits you!
* * * LOW HITPOINT WARNING * * *
The phantom blinks!
You blink.
The frozen ramparts melt away as you move.
As you read the scroll of teleportation, it crumbles to dust.
You feel strangely unstable. The phantom hits you.
You die...

#.#### ##. ### #.##.# ##.⌠
#####.######....# ##...
#.....##........##### #.⌠..
#.###.##............# ####...
#####.# #.##........###.# #.....⌠
...##.# #..§........###.###.###..
##.##.# ####....W...#.........#.#
##.########..#..@...#.#.###.#.#.#
##.......^##.#.#..#.#.#.###.#.#.#
##..#####.#......>...............
#######.#.##.#........#.....#.#..
....##..#.#.....#.###########.#.#
###.##..#.##.......^..........#.#
#.##..#.#..####.###....######.#
#.##............###.†..# #.#
#.##........<#...##....######.#


You could see a phantom.

Vanquished Creatures
  A hornet (D:4)
  Sigmund (D:3)
  A water moccasin (D:5)
  Duvessa (D:5)
  An ogre (D:5)
  A bullfrog (D:4)
  2 scorpions
  Dowan (D:5)
  A jelly (D:5)
  3 hounds (D:5)
  A gnoll shaman (D:5)
  A scorpion zombie (D:5)
  A hound zombie (D:4)
  2 hound skeletons
  5 gnolls (D:5)
  6 adders
  A howler monkey skeleton (D:5)
  2 ufetubi (D:5)
  A dart slug (D:2)
  9 orcs
  6 endoplasms
  7 giant cockroaches
  7 goblins
  6 hobgoblins
  9 jackals
  7 quokkas
  10 ball pythons
  7 bats
  4 frilled lizards
  7 kobolds
  2 rats (D:1)
114 creatures vanquished.

Vanquished Creatures (others)
  3 plants (D:1)
3 creatures vanquished.

Grand Total: 117 creatures vanquished

Notes
Turn   | Place    | Note
-------+----------+-------------------------------------------
     0 | D:1      | pkoi the Deep Elf Ice Elementalist began the quest for the
                  | Orb.
     0 | D:1      | Reached XP level 1. HP: 10/10 MP: 6/6
   301 | D:1      | Reached XP level 2. HP: 13/15 MP: 4/8
   363 | D:1      | Reached skill level 5 in Ice Magic
  1124 | D:1      | Reached XP level 3. HP: 19/19 MP: 7/9
  1315 | D:1      | Found a faded altar of an unknown god.
  1662 | D:1      | Learned a level 3 spell: Frozen Ramparts
  2035 | D:2      | Reached skill level 6 in Ice Magic
  2252 | D:2      | Reached XP level 4. HP: 18/24 MP: 6/10
  2851 | D:3      | Noticed a scorpion
  2860 | D:3      | Killed a scorpion
  2861 | D:3      | Reached skill level 7 in Ice Magic
  2861 | D:3      | Reached XP level 5. HP: 23/28 MP: 5/11
  2924 | D:3      | Noticed Sigmund
  2936 | D:3      | Killed Sigmund
  2937 | D:3      | Reached skill level 8 in Ice Magic
  2937 | D:3      | Reached XP level 6. HP: 17/32 MP: 3/12
  3233 | D:3      | Learned a level 4 spell: Hailstorm
  3861 | D:4      | Found a large runed translucent door.
  3861 | D:4      | Found a large runed translucent door.
  3864 | D:4      | Noticed a steam dragon
  4347 | D:4      | Found a large runed translucent door.
  4347 | D:4      | Found a large runed translucent door.
  4356 | D:4      | Noticed a hornet
  4361 | D:4      | Killed a hornet
  4362 | D:4      | Reached XP level 7. HP: 20/36 MP: 6/14
  5027 | D:5      | Entered Level 5 of the Dungeon
  5040 | D:5      | Reached skill level 9 in Ice Magic
  6365 | D:5      | Noticed Duvessa
  6395 | D:5      | Killed Duvessa
  6397 | D:5      | Noticed Dowan
  6592 | D:5      | Reached XP level 8. HP: 37/41 MP: 13/17
  6633 | D:5      | Reached skill level 5 in Spellcasting
  6638 | D:5      | Killed Dowan
  6690 | D:5      | Reached skill level 5 in Conjurations
  7017 | D:5      | Identified the +0 scale mail of Integrity {Will+ Stlth+}
  7498 | D:4      | Slain by a phantom

Illustrated notes

Levels and vault maps discovered:
D:1:      tarquinn_simple_flora_water_c, layout_basic,
          dreamdust_ecumenical_altar_statues, minmay_small_reverse_x
D:2:      kb_forest_paths, layout_rooms
D:3:      layout_basic, roderic_filled_cross, due_unseen_surprise, uniq_sigmund
D:4:      layout_basic, corner_web_ring, grunt_ministairs_2,
          minmay_hollow_rounded_squares
D:5:      layout_basic, st_stairs_5, amcnicky_mini_pool_small, uniq_duvessa

Skill      XL: |  1  2  3  4  5  6  7  8 |
---------------+-------------------------+-----
Ice Magic      | 5 6 7 8 9 |  9.9
Conjurations   | 2 4 5 |  5.3
Spellcasting   | 4 5 |  5.5
Dodging        | |  2.4
Stealth        | |  2.4

Action                   |  1- 3 |  4- 6 |  7- 9 || total
-------------------------+-------+-------+-------++-------
Melee: Unarmed           |     1 |       |       ||     1
       Staff             |     6 |     6 |    23 ||    35
       Dagger            |     1 |       |       ||     1
       Punch             |       |     1 |     4 ||     5
       Short sword       |       |       |   142 ||   142
 Cast: Freeze            |    62 |    49 |     2 ||   113
       Frozen Ramparts   |       |     3 |    21 ||    24
       Hailstorm         |       |       |     3 ||     3
Evoke: Wand              |       |       |     1 ||     1
  Use: Scroll            |       |     5 |     5 ||    10
       Potion            |       |       |     5 ||     5
 Stab: Sleeping          |     1 |       |     3 ||     4
Armor: Robe              |    10 |     4 |    17 ||    31
Dodge: Dodged            |    38 |    36 |    97 ||   171
